 Dungeon Crawl Stone Soup version 0.21-a0-504-g2eda330 (webtiles) character file.

2361 tof the Slasher (level 9, -7/72 HPs)
             Began as a Demonspawn Berserker on Nov 26, 2017.
             Was a Priest of Trog.
             Mangled by kae's ghost (23 damage)
             ... on level 8 of the Dungeon.
             The game lasted 00:12:32 (6365 turns).

tof the Slasher (Demonspawn Berserker)              Turns: 6365, Time: 00:12:33

Health: -7/72      AC:  5    Str: 17    XL:     9   Next: 21%
Magic:  9/9        EV: 15    Int:  9    God:    Trog [***...]
Gold:   411        SH:  0    Dex: 16    Spells: 8/8 levels left

rFire    . . .     SeeInvis .   l - +0 dagger (elec)
rCold    . . .     Gourm    .   (no shield)
rNeg     . . .     Faith    .   y - +0 troll leather armour {Purgy}
rPois    +         Spirit   .   (no helmet)
rElec    .         Reflect  .   (no cloak)
rCorr    .         Harm     .   B - +2 pair of gloves
MR       +++..                  g - +2 pair of boots
Stlth    +.........             (no amulet)
HPRegen  1.62/turn              j - ring of protection from magic
MPRegen  0.11/turn              i - ring of poison resistance

@: corroded, berserk cooldown, regenerating, slowed, very slow
A: rugged brown scales 2, spiny 2
a: Berserk, Trog's Hand, Burn Spellbooks, Renounce Religion


You were on level 8 of the Dungeon.
You worshipped Trog.
Trog was most pleased with you.
You were near starving.

You visited 1 branch of the dungeon, and saw 8 of its levels.

You collected 411 gold pieces.

Inventory:

Hand Weapons
 a - a +0 falchion
 l - a +0 dagger of electrocution (weapon)
Missiles
 d - 7 tomahawks (quivered)
Armour
 g - a +2 pair of boots (worn)
 y - a +0 troll leather armour (worn) {Purgy}
 B - a +2 pair of gloves (worn)
Jewellery
 h - a +2 ring of strength
 i - a ring of poison resistance (right hand)
 j - a ring of protection from magic (left hand)
 D - a cursed ring of loudness {unknown}
Wands
 C - a wand of disintegration (15)
Scrolls
 e - 3 scrolls of teleportation
 m - a scroll of magic mapping
 p - 3 scrolls of enchant armour
 r - 2 scrolls of identify
 s - a scroll of fog
 x - a scroll of blinking
 z - 2 scrolls of fear
Potions
 b - 2 potions of haste {unknown}
 f - a potion of flight {unknown}
 k - 3 potions of lignification {unknown}
 n - 3 potions of cancellation {unknown}
 q - a potion of curing {unknown}
 t - 2 potions of resistance {unknown}
 u - a potion of brilliance {unknown}
 v - 4 potions of heal wounds {unknown}
 w - a potion of invisibility {unknown}
Comestibles
 c - 8 bread rations
 o - 5 meat rations
 A - 5 fruits


   Skills:
 + Level 6.3 Fighting
 * Level 7.7 Long Blades
 + Level 5.3 Armour
 + Level 5.2 Dodging


You had 8 spell levels left.
You didn't know any spells.

Dungeon Overview and Level Annotations

Branches:
Dungeon (8/15)             Temple (0/1) D:6
   Lair: D:8-11

Altars:
Ashenzari
Cheibriados
Dithmenos
Fedhas
Gozag
Makhleb
Nemelex Xobeh
Trog
Vehumet
Xom
Yredelemnul
The Shining One

Shops:
D:6 [

Annotations:
D:6 Prince Ribbit
D:8 Maurice; kae's ghost, novice TrMo


Innate Abilities, Weirdness & Mutations

You are mostly covered in rugged brown scales. (AC +2, +5% HP)
You are mostly covered in sharp spines.


Message History

You are exhausted.
You feel yourself slow down. Maurice is struck by your spines.
Maurice closely misses you.
You hit Maurice but do no damage.
Maurice is moderately wounded.
Maurice is struck by your spines. Maurice hits you with a short sword!
Maurice steals 2 of your 5 scrolls of teleportation!
You hit Maurice but do no damage.
Maurice is heavily wounded.
Maurice hits you but does no damage.
You hit Maurice.
Maurice is heavily wounded.
Kae's ghost is struck by your spines. Kae's ghost misses you.
Maurice zaps a wand.
The bolt of acid hits you! The acid corrodes you!
You are splashed with acid!
The acid burns!
* * * LOW HITPOINT WARNING * * *
You barely miss Maurice.
Maurice is heavily wounded.
Kae's ghost is struck by your spines. Kae's ghost hits you!!
You die...

#########
#.......#
#.......# .
#.......#
....####.....<.#
.......@W.[....#
###....@.....##...
#..........# ..##
#............ .#
##########.....#
#.... . #..[. ..


You could see Maurice and kae's ghost.

Vanquished Creatures
  A hippogriff (D:7)
  Sigmund (D:6)
  Eustachio (D:5)
  Menkaure (D:6)
  Edmund (D:6)
  Duvessa (D:7)
  Purgy (D:4)
  A sky beast (D:5)
  The ghost of wintastic the Chopper, an amateur HOSk (D:3)
  An ogre (D:7)
  A centaur (D:5)
  Dowan (D:7)
  A howler monkey (D:7)
  2 crimson imps
  4 jellies
  A bullfrog skeleton (D:7)
  2 orc priests (D:3)
  6 hounds
  3 orc wizards
  2 iguanas
  Ijyb (D:5)
  Natasha (twice) (D:3)
  5 worker ants
  A killer bee zombie (D:7)
  2 worker ant zombies
  8 adders
  4 gnolls (D:7)
  4 worms
  2 dart slugs
  A leopard gecko (D:7)
  8 orcs
  A ball python (D:3)
  7 bats
  4 giant cockroaches
  3 goblins
  3 hobgoblins
  2 jackals (D:1)
  A quokka (D:2)
  7 frilled lizards
  4 kobolds
  A leopard gecko skeleton (D:4)
  A quokka zombie (D:5)
  5 rats
110 creatures vanquished.

Notes
Turn   | Place    | Note
-------+----------+-------------------------------------------
     0 | D:1      | tof the Demonspawn Berserker began the quest for the Orb.
     0 | D:1      | Reached XP level 1. HP: 18/18 MP: 1/1
   515 | D:1      | Gained mutation: You are partially covered in sharp spines. [demonic ancestry]
   515 | D:1      | Reached XP level 2. HP: 21/24 MP: 2/2
   609 | D:1      | Reached skill level 3 in Long Blades
  1385 | D:2      | Reached XP level 3. HP: 29/29 MP: 3/3
  1473 | D:2      | Reached ** piety under Trog
  2163 | D:2      | Found a glowing golden altar of the Shining One.
  2165 | D:2      | Noticed an angel
  2190 | D:2      | Found a basalt altar of Yredelemnul.
  2222 | D:2      | Gained mutation: You are mostly covered in sharp spines. [demonic ancestry]
  2222 | D:2      | Reached XP level 4. HP: 19/35 MP: 4/4
  2519 | D:2      | Found a bloodstained altar of Trog.
  2641 | D:3      | Noticed Natasha
  2644 | D:3      | Killed Natasha
  2746 | D:3      | Noticed wintastic's ghost (amateur HOSk)
  2758 | D:3      | Killed wintastic's ghost
  2758 | D:3      | Reached skill level 4 in Long Blades
  2758 | D:3      | Gained mutation: You are partially covered in rugged brown scales. (AC +1, +3% HP) [demonic ancestry]
  2758 | D:3      | Reached XP level 5. HP: 35/43 MP: 5/5
  2834 | D:3      | Noticed Natasha
  2840 | D:3      | Killed Natasha
  2985 | D:3      | Gained mutation: You are mostly covered in rugged brown scales. (AC +2, +5% HP) [demonic ancestry]
  2985 | D:3      | Reached XP level 6. HP: 38/50 MP: 6/6
  3547 | D:4      | Noticed Purgy
  3557 | D:4      | Killed Purgy
  3633 | D:4      | Found a shimmering altar of Xom.
  3634 | D:4      | Found a burning altar of Makhleb.
  3691 | D:4      | Found a blossoming altar of Fedhas.
  3837 | D:4      | Found a sparkling altar of Nemelex Xobeh.
  4028 | D:4      | Reached skill level 5 in Long Blades
  4062 | D:5      | Entered Level 5 of the Dungeon
  4083 | D:5      | Noticed Eustachio
  4097 | D:5      | Killed Eustachio
  4097 | D:5      | Reached XP level 7. HP: 57/57 MP: 7/7
  4132 | D:5      | Found an opulent altar of Gozag.
  4171 | D:5      | Found a shadowy altar of Dithmenos.
  4385 | D:5      | Noticed Ijyb
  4395 | D:5      | Killed Ijyb
  4407 | D:5      | Found a snail-covered altar of Cheibriados.
  4462 | D:5      | Reached skill level 5 in Fighting
  4571 | D:5      | Reached skill level 6 in Long Blades
  4571 | D:5      | Reached XP level 8. HP: 57/65 MP: 8/8
  4572 | D:5      | Found a radiant altar of Vehumet.
  4705 | D:6      | Found Ynan's Antique Armour Emporium.
  4720 | D:6      | Noticed Menkaure
  4728 | D:6      | Killed Menkaure
  4757 | D:6      | Found a staircase to the Ecumenical Temple.
  4890 | D:6      | Noticed Prince Ribbit
  5022 | D:6      | Found a shattered altar of Ashenzari.
  5257 | D:6      | Noticed Edmund
  5263 | D:6      | Killed Edmund
  5282 | D:6      | Noticed Sigmund
  5291 | D:6      | Killed Sigmund
  5602 | D:7      | Noticed Dowan
  5603 | D:7      | Noticed Duvessa
  5614 | D:7      | Killed Dowan
  5623 | D:7      | Killed Duvessa
  5623 | D:7      | Reached skill level 7 in Long Blades
  5699 | D:7      | Reached skill level 5 in Armour
  5761 | D:7      | Reached skill level 5 in Dodging
  5765 | D:7      | Reached *** piety under Trog
  5814 | D:7      | Reached XP level 9. HP: 72/72 MP: 9/9
  6347 | D:8      | Noticed Maurice
  6353 | D:8      | Noticed kae's ghost (novice TrMo)
  6365 | D:8      | Mangled by kae's ghost

Vault maps used:
D:1:      lemuel_arrival_funnel
D:2:      grunt_temple_overflow_holy_war, lemuel_coloured_pillars_altar,
          first_bread
D:3:      uniq_natasha
D:4:      grunt_temple_overflow_champion_of_chaos, fedhas_altar_fruit_tree,
          nemelex_xobeh_ov_fountains_minmay, uniq_purgy
D:5:      nicolae_gozag_seed_capital, marbit_many_paths, lemuel_round_altar,
          old_standard_altar, uniq_ijyb, uniq_eustachio
D:6:      ashenzari_altar_1, minmay_temple_entry_hall, serial_shops, shop,
          sigmund_edmund_badplayer, uniq_menkaure, uniq_prince_ribbit1
D:7:      uniq_duvessa
D:8:      gammafunk_temple_overflow_arena, uniq_maurice, uniq_joseph

Skill      XL: |  1  2  3  4  5  6  7  8 |
---------------+-------------------------+-----
Long Blades    | 3 4 5 6 7 |  7.7
Armour         | 2 3 4 5 |  5.3
Dodging        | 2 3 4 5 |  5.2
Fighting       | 4 5 6 |  6.3

Action                   |  1- 3 |  4- 6 |  7- 9 || total
-------------------------+-------+-------+-------++-------
Melee: Falchion          |    46 |       |       ||    46
       Dagger            |    44 |    80 |   181 ||   305
Throw: Tomahawk          |       |     1 |     3 ||     4
Invok: Berserk           |       |     4 |     2 ||     6
       Trog's Hand       |       |     3 |     3 ||     6
  Use: Scroll            |       |     9 |     3 ||    12
 Stab: Sleeping          |     1 |     1 |       ||     2
  Eat: Chunk             |     4 |     9 |     6 ||    19
       Bread ration      |       |       |     1 ||     1
Armor: Animal skin       |     7 |       |       ||     7
       Leather armour    |     6 |     6 |       ||    12
       Troll leather arm |       |     1 |    40 ||    41
Dodge: Dodged            |    60 |    35 |    82 ||   177
       Rpst.: Falchion   |    10 |       |       ||    10

Table legend:
 A = Spawn XP
 B = Non-spawn XP
 C = Spawn XP percentage of total XP
 D = Spawn monster count
 E = Non-spawn monster count
 F = Spawn count percentage of total count
 G = Total turns spent on level
                    A         B        C        D         E        F      G
               +---------+---------+-------+---------+---------+-------+---------
         Total |       0 |    3373 |   0.0 |       0 |     110 |   0.0 |  6365
               +---------+---------+-------+---------+---------+-------+---------
           D:1 |       0 |      35 |   0.0 |       0 |      21 |   0.0 |  1305
           D:2 |       0 |      72 |   0.0 |       0 |      15 |   0.0 |  1271
           D:3 |       0 |     351 |   0.0 |       0 |      18 |   0.0 |   947
           D:4 |       0 |     258 |   0.0 |       0 |       8 |   0.0 |   539
           D:5 |       0 |     763 |   0.0 |       0 |      15 |   0.0 |   587
           D:6 |       0 |     764 |   0.0 |       0 |      10 |   0.0 |   818
           D:7 |       0 |    1130 |   0.0 |       0 |      23 |   0.0 |   880
               +---------+---------+-------+---------+---------+-------+---------
